 Dungeon Crawl Stone Soup version 0.29-a0-219-g0a02b1cf4f (webtiles) character file.

Game seed: 3071323422874256117

12910 siradein the Geomancer (level 12, -1/81 HPs)
             Began as a Ghoul Earth Elementalist on Feb 25, 2022.
             Was a Believer of Kikubaaqudgha.
             Slain by a black mamba (6 damage)
             ... on level 1 of the Lair of Beasts.
             The game lasted 01:02:55 (21505 turns).

siradein the Geomancer (Ghoul Earth Elementalist)  Turns: 21505, Time: 01:02:56

Health: -1/81      AC: 11    Str: 13    XL:     12   Next: 0%
Magic:  12/40      EV: 14    Int: 25    God:    Kikubaaqudgha [**....]
Gold:   679        SH:  0    Dex:  9    Spells: 8/25 levels left

rFire   . . .      SeeInvis .   I - +0 halberd (vamp)
rCold   + . .      Faith    .   (shield currently unavailable)
rNeg    + + +      Spirit   .   D - +2 robe {Archmagi}
rPois   ∞          Reflect  .   H - +3 hat of Pondering {ponderous, Will+ MP+10 Int+5}
rElec   .          Harm     .   k - +2 cloak {rPois}
rCorr   .          Rampage  .   t - +0 pair of gloves
Will    +....      Archmagi +   (no boots)
Stlth   ++........              u - amulet of the acrobat
HPRegen 0.00/turn               C - ring of magical power
MPRegen 0.27/turn               p - +6 ring of intelligence

@: inhibited regen, slow
A: claws 1, cold resistance 1, negative energy resistance 3, inhibited
regeneration, torment resistance 2
a: Renounce Religion, Receive Corpses


You were on level 1 of the Lair of Beasts.
You worshipped Kikubaaqudgha.
Kikubaaqudgha was pleased with you.
You visited 3 branches of the dungeon, and saw 13 of its levels.
You also visited: Ossuary.

You collected 679 gold pieces.

Inventory:

Hand Weapons
 G - a +1 demon whip of venom
 I - a +0 vampiric halberd (weapon)
Missiles
 a - 340 stones
 z - 3 throwing nets
Armour
 k - a +2 cloak of poison resistance (worn)
 t - a +0 pair of gloves (worn)
 D - a +2 robe of the Archmagi (worn)
 H - the +3 hat of Pondering (worn) {ponderous, Will+ MP+10 Int+5}
   (You took it off Gastronok on level 9 of the Dungeon)

   Int:       It affects your intelligence (+5).
   MP:        It affects your magic capacity (+10).
   Will:      It increases your willpower.
Magical Staves
 m - a staff of death
Jewellery
 e - a ring of ice
 f - a ring of protection from fire
 p - a +6 ring of intelligence (right hand)
 u - an amulet of the acrobat (around neck)
 y - a ring of protection from cold
 C - a ring of magical power (left hand)
Wands
 b - a wand of digging (5)
 A - a wand of polymorph (25)
 F - a wand of iceblast (10)
 K - a wand of acid (5)
Scrolls
 c - 2 scrolls of enchant armour
 g - 4 scrolls of enchant weapon
 h - 7 scrolls of teleportation
 n - a scroll of fog
 o - 2 scrolls of fear
 r - a scroll of amnesia
 s - 5 scrolls of magic mapping {unknown}
 x - 7 scrolls of vulnerability {unknown}
 E - a scroll of noise {unknown}
 J - 2 scrolls of identify
Potions
 d - 4 potions of brilliance
 i - 2 potions of mutation {unknown}
 j - a potion of haste
 l - 2 potions of attraction
 q - a potion of heal wounds {unknown}
 v - 2 potions of flight {unknown}
 w - 2 potions of lignification {unknown}
 B - 6 potions of curing


   Skills:
 + Level 7.6 Dodging
 - Level 2.1 Stealth
 + Level 7.0 Spellcasting
 + Level 7.8 Conjurations
 + Level 6.6 Necromancy
 - Level 0.8 Transmutations
 + Level 0.5 Ice Magic
 + Level 11.3 Earth Magic


You had 8 spell levels left.
You knew the following spells:

 Your Spells              Type           Power      Damage    Failure   Level
a - Sandblast             Erth           100%       2d20      1%          1
b - Stone Arrow           Conj/Erth      100%       3d13      1%          3
c - Dispel Undead         Necr           58%        3d21      4%          4
d - Death Channel         Necr           29%        N/A       54%         6
e - Frozen Ramparts       Ice            32%        1d5       16%         3

Your spell library contained the following spells:

 Spells                   Type           Power      Damage    Failure   Level
 Animate Skeleton         Necr           100%       N/A       1%          1
 Foxfire                  Conj/Fire      100%       2x1d9     1%          1
 Magic Dart               Conj           100%       1d8       1%          1
 Pain                     Necr           100%       1d9       1%          1
 Passwall                 Tmut/Erth      46%        N/A       1%          2
 Searing Ray              Conj           100%       2d8       1%          2
 Corpse Rot               Necr/Air       76%        N/A       2%          2
 Conjure Flame            Conj/Fire      42%        6-21      4%          3
 Petrify                  Tmut/Erth      56%        N/A       5%          4
 Animate Armour           Summ/Erth      100%       N/A       6%          4
 Agony                    Necr           58%        N/A       12%         5
 Flame Wave               Conj/Fire      42%        2d9       14%         4
 Fulminant Prism          Conj/Hex       21%        3d13      14%         4
 Confusing Touch          Hex            13%        N/A       21%         3
 Inner Flame              Hex/Fire       13%        N/A       21%         3
 Lightning Bolt           Conj/Air       21%        1d36      36%         5
 Summon Ice Beast         Ice/Summ       15%        N/A       52%         4
 Airstrike                Air            6%         N/A       54%         4
 Summon Lightning Spire   Summ/Air       13%        N/A       54%         4
 Yara's Violent Unravell  Hex/Tmut       8%         3d5       83%         5
 Summon Mana Viper        Hex/Summ       13%        N/A       88%         5
 Enfeeble                 Hex            6%         N/A       100%        7
 Monstrous Menagerie      Summ           6%         N/A       100%        7
 Lehudib's Crystal Spear  Conj/Erth      35%        10d9      100%        8
 Ice Form                 Ice/Tmut       Unusable   N/A       N/A         4

Dungeon Overview and Level Annotations

Branches:
Dungeon (11/15)            Temple (1/1) D:7            Lair (1/6) D:9
    Orc (0/2) D:11        Ossuary (visited)

Altars:
Ashenzari
Cheibriados
Dithmenos
Elyvilon
Fedhas
Gozag
Hepliaklqana
Kikubaaqudgha
Makhleb
Nemelex Xobeh
Okawaru
Qazlal
Ru
Sif Muna
Trog
Uskayaw
Vehumet
Wu Jian
Xom
Yredelemnul
Zin
The Shining One

Shops:
D:6 [   D:7 *   D:9 *


Innate Abilities, Weirdness & Mutations

You thrive by killing the living.
You are immune to poison.
You have sharp fingernails.
Your flesh is cold resistant. (rC+)
You are immune to negative energy. (rN+++)
You do not regenerate when monsters are visible.
You are immune to unholy pain and torment.


Message History

You feel a surge of power!
The stone arrow hits the yak!
You kill the yak!
Kikubaaqudgha accepts your kill.
You feel better. The yak gores you!
Your Spellcasting skill increases to level 7!
You have reached level 12!
You feel a surge of power!
The stone arrow hits the yak!!
The yak is almost dead.
The black mamba closely misses you. The yak closely misses you.
The black mamba bites you but does no damage.
The water moccasin bites you. The yak gores you.
The yak gores you but does no damage. The yak gores you!
You are too injured to fight recklessly!
You closely miss the yak.
The yak is almost dead.
The black mamba closely misses you. The water moccasin misses you.
The black mamba bites you. The yak gores you but does no damage.
The yak gores you.
* * * LOW HITPOINT WARNING * * *
The water moccasin completely misses you.
The yak gores you.
* * * LOW HITPOINT WARNING * * *
The yak closely misses you. The black mamba barely misses you.
The yak closely misses you. The yak gores you but does no damage.
Casting: Stone Arrow (safe; 1% risk of failure)
Confirm with . or Enter, or press ? or * to list all spells.
Aiming: Stone Arrow (safe; 1% risk of failure)
Press: ? - help, Shift-Dir - straight line, f/p - yak
Aim: a yak (almost dead, 87% to hit)
You feel a surge of power!
The stone arrow hits the yak!
You kill the yak!
Kikubaaqudgha accepts your kill.
The black mamba bites you but does no damage.
The water moccasin bites you.
* * * LOW HITPOINT WARNING * * *
The yak gores you!
* * * LOW HITPOINT WARNING * * *
The yak gores you but does no damage. The black mamba bites you.
You die...
Kikubaaqudgha rasps: "You have failed me!
Welcome... oblivion!"

......#...#........# .
......#....#####..###...
..... #...######..#.P...
### #.................
...........#.#....
.........###......
.........#........
......##.S...##.#.
#....##Y@#.##....#
#..#...YSY........
#.......l...⌠...
+..#.!........⌠.
...##......⌠... ..#
#.......... ..
##..#...... ##......##


You could see a komodo dragon, a black mamba, 3 yaks and a water moccasin.

Vanquished Creatures
  Gastronok (D:9)
  A hydra (D:11)
  Amaemon (D:8)
  Pikel (D:6)
  2 cyclopes (D:11)
  An orange demon (D:8)
  Maurice (D:8)
  A gargoyle (D:11)
  3 trolls
  Prince Ribbit (D:8)
  A vampire (D:11)
  3 yaks (Lair:1)
  2 wraiths
  Grum (D:9)
  3 vampire mosquitoes (D:11)
  3 steam dragons
  Menkaure (D:7)
  Edmund (D:6)
  2 water moccasins
  Duvessa (D:7)
  2 ice beasts
  A sky beast (D:5)
  A necrophage (D:6)
  4 orc warriors
  A black bear (D:4)
  3 ogres (D:5)
  7 wolves
  4 centaurs
  A lemure (D:6)
  Blork the orc (D:5)
  2 elf zombies (Ossuary)
  A kobold brigand (D:4)
  3 bullfrogs
  4 scorpions
  Dowan (D:7)
  18 killer bees
  6 howler monkeys
  8 wights
  2 electric eels (D:9)
  A centaur zombie (Ossuary)
  A human zombie (Ossuary)
  7 hounds
  5 orc priests
  Crazy Yiuf (D:5)
  2 gnoll shamans
  4 iguanas
  14 orc wizards
  2 mummies (Ossuary)
  6 adders
  19 gnolls
  A white imp (D:6)
  An ufetubus (D:6)
  2 adder zombies (Ossuary)
  2 dart slugs
  51 orcs
  7 bats
  8 endoplasms
  4 giant cockroaches
  3 goblins
  9 hobgoblins
  6 jackals
  3 quokkas (D:1)
  6 ball pythons
  A frilled lizard (D:2)
  3 goblin zombies (Ossuary)
  7 hobgoblin zombies (Ossuary)
  2 jackal zombies (Ossuary)
  5 kobolds
  11 kobold zombies (Ossuary)
  7 orc zombies (Ossuary)
  8 rats
  A rat zombie (Ossuary)
311 creatures vanquished.

Notes
Turn   | Place    | Note
-------+----------+-------------------------------------------
     0 | D:1      | siradein the Ghoul Earth Elementalist began the quest for
                  | the Orb.
     0 | D:1      | Reached XP level 1. HP: 14/14 MP: 2/2
    74 | D:1      | Found a faded altar of an unknown god.
    74 | D:1      | Noticed a great orb of eyes
   204 | D:1      | Noticed a golden eye
   204 | D:1      | Noticed an eye of devastation
   204 | D:1      | Noticed a floating eye
   249 | D:1      | Reached XP level 2. HP: 10/20 MP: 0/3
   551 | D:1      | Reached skill level 4 in Earth Magic
  1646 | D:1      | Reached XP level 3. HP: 18/26 MP: 4/4
  2610 | D:1      | Learned a level 3 spell: Stone Arrow
  3179 | D:2      | Reached skill level 5 in Earth Magic
  3202 | D:2      | Reached XP level 4. HP: 24/33 MP: 3/5
  3466 | D:2      | Reached skill level 1 in Conjurations
  4451 | D:3      | Reached XP level 5. HP: 36/38 MP: 0/6
  5852 | D:4      | Reached skill level 6 in Earth Magic
  5868 | D:4      | Reached XP level 6. HP: 44/45 MP: 7/7
  5987 | D:4      | Noticed a black bear
  6866 | D:4      | Killed a black bear
  6867 | D:4      | Reached XP level 7. HP: 41/50 MP: 1/8
  7000 | D:4      | Reached skill level 7 in Earth Magic
  7657 | D:5      | Entered Level 5 of the Dungeon
  7729 | D:5      | Noticed Blork the orc
  7749 | D:5      | Killed Blork the orc
  8438 | D:5      | Reached XP level 8. HP: 57/57 MP: 3/10
  8871 | D:5      | Reached skill level 8 in Earth Magic
  9474 | D:5      | Found a runed translucent door.
  9475 | D:5      | Noticed Crazy Yiuf
  9592 | D:6      | Found Zudyec's Armour Boutique.
  9706 | D:6      | Found a sand-covered staircase.
  9736 | Ossuary  | Entered an ossuary
 10429 | Ossuary  | Reached skill level 5 in Conjurations
 10681 | Ossuary  | Reached XP level 9. HP: 42/62 MP: 3/13
 11030 | D:6      | Learned a level 4 spell: Dispel Undead
 11604 | D:6      | Reached skill level 1 in Necromancy
 11879 | D:6      | Noticed Edmund
 12216 | D:6      | Killed Edmund
 12462 | D:7      | Noticed Duvessa
 12698 | D:7      | Noticed Dowan
 13415 | D:5      | Killed Crazy Yiuf
 13608 | D:6      | Reached skill level 9 in Earth Magic
 13741 | D:7      | Noticed Pikel
 13883 | D:6      | Killed Pikel
 13884 | D:6      | Reached skill level 5 in Dodging
 14241 | D:7      | Found Gaqewer's Elemental Accessories.
 14260 | D:7      | Found a staircase to the Ecumenical Temple.
 14273 | Temple   | Entered the Ecumenical Temple
 14408 | Temple   | Became a worshipper of Kikubaaqudgha
 14600 | D:7      | Reached XP level 10. HP: 69/69 MP: 3/16
 14833 | D:7      | Noticed Menkaure
 14837 | D:7      | Killed Menkaure
 14838 | D:7      | Reached skill level 5 in Spellcasting
 15142 | D:7      | Killed Duvessa
 15145 | D:7      | Killed Dowan
 15714 | D:8      | Noticed an orange demon
 15715 | D:8      | Noticed Amaemon
 15725 | D:8      | Killed an orange demon
 15869 | D:8      | Killed Amaemon
 15869 | D:8      | Reached * piety under Kikubaaqudgha
 15869 | D:8      | Received a gift from Kikubaaqudgha
 16073 | D:8      | Noticed Maurice
 16177 | D:8      | Reached skill level 10 in Earth Magic
 16471 | D:8      | Noticed Prince Ribbit
 16482 | D:8      | Killed Prince Ribbit
 16802 | D:8      | Killed Maurice
 17038 | D:9      | Noticed Gastronok
 17232 | D:9      | Killed Gastronok
 17233 | D:9      | Reached skill level 5 in Necromancy
 17233 | D:9      | Reached XP level 11. HP: 56/74 MP: 8/19
 17542 | D:9      | Learned a level 6 spell: Death Channel
 17591 | D:9      | Found Inaah's Island Escapes.
 18303 | D:9      | Noticed Grum
 18319 | D:9      | Found a staircase to the Lair.
 18406 | D:9      | Killed Grum
 18747 | D:9      | Found a shimmering blue altar of Sif Muna.
 18951 | D:10     | Entered Level 10 of the Dungeon
 19057 | D:10     | Reached ** piety under Kikubaaqudgha
 20228 | D:11     | Found a staircase to the Orcish Mines.
 20280 | D:11     | Noticed a cyclops
 20285 | D:11     | Killed a cyclops
 20286 | D:11     | Reached skill level 11 in Earth Magic
 20477 | D:11     | Noticed a cyclops
 20482 | D:11     | Killed a cyclops
 20530 | D:11     | Noticed a five-headed hydra
 20535 | D:11     | Killed a five-headed hydra
 21346 | D:11     | Learned a level 3 spell: Frozen Ramparts
 21422 | Lair:1   | Entered Level 1 of the Lair of Beasts
 21503 | Lair:1   | Reached XP level 12. HP: 49/81 MP: 17/21
 21505 | Lair:1   | Slain by a black mamba

Illustrated notes

Levels and vault maps discovered:
D:1:      saegor_arrival_fortress, layout_basic,
          hellmonk_ecumenical_altar_watching_god
D:2:      layout_loops_corners, chequers_serial_rivers_micro_d,
          minmay_box_of_dots
D:3:      layout_basic, amcnicky_mini_pool_small
D:4:      layout_cave_pools
D:5:      layout_cave_pools, tso_altar, minmay_misc_feat_alley,
          uniq_crazy_yiuf_cottage, uniq_blork_the_orc
D:6:      layout_basic, nicolae_ossuary_entry_false_entrances, serial_shops,
          nicolae_shop_statue_plus, uniq_edmund
D:7:      layout_cave_pools, minmay_temple_entry_grid,
          chequers_serial_rivers_large_b, st_stairs_8, nicolae_elemental_shop,
          uniq_menkaure, uniq_pikel, uniq_duvessa
D:8:      layout_basic, uniq_maurice, uniq_amaemon, uniq_psyche,
          uniq_prince_ribbit1
D:9:      layout_rooms, lemuel_coloured_pillars_altar, erik_lair_island,
          nicolae_island_escapes, uniq_grum, uniq_gastronok
D:10:     layout_small_grid
D:11:     layout_long_grid, orc_0_dummy
Temple:   regret_index_temple_chain_breaker
Lair:1:   layout_regular_city, serial_bayou_ford_a, grunt_megastairs_2

Skill      XL: |  1  2  3  4  5  6  7  8  9 10 11 |
---------------+----------------------------------+-----
Earth Magic    | 4 5 6 7 8 9 10 11 | 11.3
Conjurations   | 1 2 3 4 5 7 |  7.8
Dodging        | 2 4 5 6 7 |  7.6
Spellcasting   | 2 3 4 6 7 |  7.0
Necromancy     | 3 5 6 |  6.6
Stealth        | |  2.1
Transmutations | |  0.8
Ice Magic      | |  0.5

Action                   |  1- 3 |  4- 6 |  7- 9 | 10-12 || total
-------------------------+-------+-------+-------+-------++-------
Melee: Unarmed           |    38 |       |       |       ||    38
       Short sword       |    82 |       |       |       ||    82
       Hand axe          |    26 |       |       |       ||    26
       Punch             |     3 |     2 |     6 |       ||    11
       Spear             |    62 |    42 |       |       ||   104
       Dagger            |       |    93 |   153 |       ||   246
       Flail             |       |       |   114 |       ||   114
       Quarterstaff      |       |       |     5 |    14 ||    19
       Demon whip        |       |       |       |     3 ||     3
       Halberd           |       |       |       |    26 ||    26
 Cast: Sandblast         |     6 |    18 |       |       ||    24
       Stone Arrow       |       |    13 |   149 |   211 ||   373
  Use: Scroll            |       |       |     8 |     4 ||    12
       Potion            |       |       |     1 |       ||     1
 Stab: Sleeping          |       |     2 |     2 |       ||     4
       Distracted        |       |     1 |       |       ||     1
Armor: Robe              |     2 |     2 |   108 |    69 ||   181
       Leather armour    |    54 |    31 |       |       ||    85
Dodge: Dodged            |   139 |    87 |   226 |    98 ||   550

Table legend: (Time is in decaauts)
 A = Elapsed time spent in this place.
 B = Non-inter-level travel time spent in this place.
 C = Inter-level travel time spent in this place.
 D = Time resting spent in this place.
 E = Time spent auto-exploring this place.
 F = Levels seen in this place.
 G = Mean time per level.
                   A        B        C        D        E       F      G
               +--------+--------+--------+--------+--------+-----+--------+
         Total |  21853 |  21454 |    399 |   4227 |  13132 |  14 | 1560.9 |
       Dungeon |  19991 |  19593 |    398 |   3942 |  12083 |  11 | 1817.4 |
        Temple |    448 |    448 |      0 |    279 |    106 |   1 |  448.0 |
          Lair |     90 |     90 |      0 |      0 |     72 |   1 |   90.0 |
       Ossuary |   1323 |   1323 |      0 |      6 |    871 |   1 | 1323.0 |
               +--------+--------+--------+--------+--------+-----+--------+

Top non-repeatable levels by time:
     D:6: 2718 daAuts
     D:1: 2694 daAuts
     D:3: 2508 daAuts
     D:9: 2045 daAuts
     D:5: 2030 daAuts
     D:8: 1934 daAuts
     D:2: 1573 daAuts
 Ossuary: 1323 daAuts
    D:11: 1287 daAuts
     D:4: 1084 daAuts
    D:10: 1060 daAuts
     D:7: 1053 daAuts
  Temple: 448 daAuts
  Lair:1: 90 daAuts
